 Dungeon Crawl Stone Soup version 0.32-a0-136-gc02482b (webtiles) character file.

Game seed: 5348872851120204497

1600 edsrzf the Magician (level 8, -2/46 HPs)
             Began as an Octopode Hedge Wizard on Feb 9, 2024.
             Was an Initiate of Sif Muna.
             Slain by an ice beast (13 damage)
             ... on level 6 of the Dungeon on Feb 10, 2024.
             The game lasted 00:14:17 (6731 turns).

edsrzf the Magician (Octopode Hedge Wizard)         Turns: 6731, Time: 00:14:18

Health: -2/46      AC:  6    Str:  9    XL:     8   Next: 94%
Magic:  4/17       EV: 13    Int: 18    God:    Sif Muna [......]
Gold:   280        SH:  0    Dex: 18    Spells: 9/19 levels left

rFire   . . .        a - +1 dagger (elec)
rCold   . . .        (no shield)
rNeg    . . .        b - +1 hat
rPois   +            (no amulet)
rElec   .            f - ring of poison resistance
rCorr   .            r - +4 ring of protection
SInv    .            q - +6 ring of dexterity
Will    .....        (no ring)
Stlth   ++++         (no ring)
HPRegen 0.27/turn    (no ring)
MPRegen 0.15/turn    (no ring)
                     (no ring)

%: no passive effects
@: no status effects
A: almost no armour, amphibious, 8 rings, camouflage 1, gelatinous body 1,
(nimble swimmer 1), tentacles, inability to read after injury 1
a: Renounce Religion


You were on level 6 of the Dungeon.
You worshipped Sif Muna.
Sif Muna was noncommittal.
You visited 2 branches of the dungeon, and saw 7 of its levels.
You also visited: Sewer.

You collected 355 gold pieces.
You spent 75 gold pieces at shops.

Inventory:

Hand Weapons
 a - a +1 dagger of electrocution (weapon)
 u - a +0 long sword
Missiles
 p - 8 poisoned darts
Armour
 b - a +1 hat (worn)
Jewellery
 f - a ring of poison resistance (left tentacle)
 q - a +6 ring of dexterity (on tentacle)
 r - a +4 ring of protection (right tentacle)
Wands
 s - a wand of charming (30)
Scrolls
 d - a scroll of teleportation {@r3}
 g - 2 scrolls of enchant armour
 j - 2 scrolls of enchant weapon
 k - a scroll of fear
 o - a scroll of revelation {unknown}
 x - a scroll of blinking
Potions
 c - 4 potions of magic
 e - a potion of brilliance
 h - 2 potions of curing
 l - a potion of berserk rage {!q}
 m - 2 potions of mutation
 n - 2 potions of invisibility
 v - 2 potions of enlightenment {unknown}
 z - 3 potions of heal wounds {unknown}


   Skills:
 - Level 2.0 Dodging
 + Level 4.1 Stealth
 - Level 6.0 Spellcasting
 - Level 4.1 Conjurations
 + Level 4.6 Hexes
 - Level 1.0 Summonings
 - Level 1.0 Translocations
 - Level 4.0 Ice Magic
 - Level 3.0 Air Magic
 - Level 3.3 Alchemy


You had 9 spell levels left.
You knew the following spells:

 Your Spells              Type           Power      Damage    Failure   Level
b - Blink                 Tloc           18%        N/A       12%         2
h - Ensorcelled Hibernat  Hex/Ice        42%        N/A       3%          2
r - Searing Ray           Conj           40%        2d5       3%          2
C - Mephitic Cloud        Conj/Alch/Air  17%        N/A       9%          3
X - Magic Dart            Conj           80%        1d7       2%          1

Your spell library contained the following spells:

 Spells                   Type           Power      Damage    Failure   Level
 Slow                     Hex            88%        N/A       1%          1
 Shock                    Conj/Air       72%        1d7       2%          1
 Sting                    Conj/Alch      72%        1d7       2%          1
 Static Discharge         Conj/Air       36%        3-5/arc   4%          2
 Apportation              Tloc           18%        N/A       8%          1
 Summon Small Mammal      Summ           36%        N/A       8%          1
 Cigotuvi's Dreadful Rot  Necr/Alch/Air  26%        N/A       8%          2
 Swiftness                Air            16%        N/A       11%         3
 Necrotise                Necr           20%        1d5       12%         1
 Call Imp                 Summ           18%        N/A       12%         2
 Fulminant Prism          Conj/Alch      9%         3d7       26%         4
 Passwall                 Erth           5%         N/A       34%         3
 Airstrike                Air            8%         2d(2-18)  34%         4
 Summon Lightning Spire   Summ/Air       12%        N/A       45%         4


Dungeon Overview and Level Annotations

Branches:
Dungeon (6/15)             Temple (1/1) D:5           Sewer (visited)

Altars:
Ashenzari
Cheibriados
Dithmenos
Elyvilon
Gozag
Hepliaklqana
Kikubaaqudgha
Makhleb
Okawaru
Qazlal
Ru
Sif Muna
Trog
Uskayaw
Vehumet
Wu Jian
Xom
Yredelemnul
Zin

Shops:
D:4 [   D:5 *

Annotations:
D:6 exclusions: ice beast and 2 wights


Innate Abilities, Weirdness & Mutations

You cannot wear most types of armour.
You are amphibious.
You can wear up to eight rings at the same time.
Your skin changes colour to match your surroundings (Stealth+).
Your rubbery body absorbs attacks. (AC +1, EV +1)
((You are camouflaged when in or above water. (Stealth+)))
You have tentacles for arms and can constrict up to eight enemies at once.
You occasionally lose the ability to read scrolls when taking damage.


Message History

Sif Muna accepts your kill.
A howler monkey comes into view.
The howler monkey moves out of view.
Items here: ( )))) ÷÷.
Items here: ( )) ÷.
The howler monkey howls!
The howler monkey misses you.
You hit the howler monkey. You grab the howler monkey.
You tentacle-slap the howler monkey. You squeeze the howler monkey!
The howler monkey is severely wounded.
You constrict the howler monkey. The howler monkey hits you.
You barely miss the howler monkey. You tentacle-slap the howler monkey.
You kill the howler monkey!
Sif Muna accepts your kill.
Your Hexes skill increases to level 4!
Your Ice Magic skill increases to level 4!
Found a stone staircase leading down.
You see here a +1 cloak.
You now have 280 gold pieces (gained 9).
An ice beast comes into view.
The black bear growls angrily.
Casting: Searing Ray (safe; 3% risk of failure)
Confirm with . or Enter, or press ? or * to list all spells.
Aiming: Searing Ray (safe; 3% risk of failure)
Press: ? - help, Shift-Dir - straight line, f - black bear
Aim: a black bear (84% to hit)
The searing ray hits the black bear!
The black bear is heavily wounded. (Press . to maintain the ray.)
The black bear bites you but does no damage.
The black bear claws you but does no damage. x2
The searing ray hits the black bear!
The black bear is severely wounded.
The searing ray hits the ice beast.
The ice beast is lightly wounded.
The black bear goes berserk!
The searing ray hits the black bear.
The black bear is almost dead.
The searing ray hits the ice beast.
The ice beast is moderately wounded.
The black bear bites you. The black bear claws you.
The black bear barely misses you.
The searing ray hits the black bear.
You kill the black bear!
Sif Muna accepts your kill.
The searing ray misses the ice beast.
The searing ray hits the ice beast but does no damage.
You finish channelling your searing ray.
Your Stealth skill increases to level 3!
Unknown command.
Casting: Searing Ray (safe; 3% risk of failure)
Confirm with . or Enter, or press ? or * to list all spells.
Aiming: Searing Ray (safe; 3% risk of failure)
Press: ? - help, Shift-Dir - straight line, f - ice beast
Aim: an ice beast (moderately wounded, 78% to hit)
The searing ray hits the ice beast but does no damage.
The ice beast is moderately wounded. (Press . to maintain the ray.)
The ice beast misses you.
The searing ray hits the ice beast.
The ice beast is heavily wounded.
The searing ray hits the ice beast.
The ice beast is lightly wounded.
The ice beast hits you. The ice beast freezes you!
The searing ray hits the ice beast.
The ice beast is severely wounded.
The searing ray hits the ice beast but does no damage.
The ice beast is lightly wounded.
The ice beast closely misses you.
The searing ray hits the ice beast!
The ice beast is almost dead.
The searing ray misses the ice beast.
You finish channelling your searing ray.
The ice beast barely misses you.
Casting: Searing Ray (safe; 3% risk of failure)
Confirm with . or Enter, or press ? or * to list all spells.
Aiming: Searing Ray (safe; 3% risk of failure)
Press: ? - help, Shift-Dir - straight line, f/p - ice beast
Aim: an ice beast (almost dead, 78% to hit)
The searing ray hits the ice beast.
You kill the ice beast!
Sif Muna accepts your kill. (Press . to maintain the ray.)
Your Stealth skill increases to level 4!
The searing ray hits the ice beast.
The ice beast is moderately wounded.
The ice beast hits you. The ice beast freezes you!
The searing ray hits the ice beast!
The ice beast is heavily wounded.
The ice beast hits you but does no damage.
The searing ray hits the ice beast!
The ice beast is severely wounded.
You finish channelling your searing ray.
The ice beast hits you but does no damage.
It was a potion of mutation.
You feel extremely strange.
You occasionally lose the ability to read scrolls when taking damage.
The ice beast hits you.
* * * LOW HITPOINT WARNING * * *
The ice beast freezes you!
You die...

..#..# ##. .#..#
## ....## #. ....
#. ...# #. #Y.#
#. #..# #.
##########..# ##
#....@Y.....#
#.#########.# ##
#.#########.# #.
#.##.....Y..# #.
#.##.# ## ##.
############.##.#
#..
...........#.##.#
#..
##########.#.##.#
#..
...........#.##.#
###


You could see an ice beast.

Vanquished Creatures
  Eustachio (D:6)
  Pargi (Sewer)
  An ice beast (D:6)
  A black bear (D:6)
  A centaur (D:5)
  A phantom (D:6)
  A kobold brigand (D:6)
  2 brain worms (Sewer)
  The ghost of Dega the Shooter, an amateur SpHu (D:4)
  A scorpion (D:5)
  A howler monkey (D:6)
  A hound (D:5)
  4 jellies
  3 quasits (D:4)
  An orc priest (D:4)
  2 iguanas (D:6)
  3 orc wizards
  A river rat (D:5)
  12 adders
  2 ufetubi (D:6)
  A ribbon worm (D:4)
  2 dart slugs
  19 orcs
  13 endoplasms
  9 giant cockroaches
  11 goblins
  8 hobgoblins
  2 jackals (D:3)
  4 quokkas
  12 ball pythons
  4 bats
  8 frilled lizards
  14 kobolds
  7 rats
155 creatures vanquished.

Vanquished Creatures (collateral kills)
  An orc (D:5)
1 creature vanquished.

Grand Total: 156 creatures vanquished

Notes
Turn   | Place    | Note
-------+----------+-------------------------------------------
     0 | D:1      | edsrzf the Octopode Hedge Wizard began the quest for the
                  | Orb.
     0 | D:1      | Reached XP level 1. HP: 11/11 MP: 4/4
   267 | D:1      | Reached skill level 2 in Conjurations
   267 | D:1      | Reached XP level 2. HP: 17/17 MP: 3/6
   782 | D:1      | Reached XP level 3. HP: 21/21 MP: 3/7
   978 | D:1      | Reached skill level 3 in Conjurations
  1682 | D:2      | Reached XP level 4. HP: 5/27 MP: 2/8
  1826 | D:2      | Reached skill level 4 in Conjurations
  1917 | D:2      | You fall into a shaft and drop 2 floors!
  2949 | D:3      | Reached XP level 5. HP: 31/31 MP: 5/10
  3681 | D:3      | Found a faded altar of an unknown god.
  3844 | D:4      | Reached skill level 4 in Spellcasting
  3957 | D:5      | Entered Level 5 of the Dungeon
  4062 | D:5      | Found Rats's Specific Store.
  4066 | D:5      | Found Xaerifra's General Store.
  4070 | D:5      | Bought a scroll of blinking for 75 gold pieces
  4106 | D:5      | Found a staircase to the Ecumenical Temple.
  4125 | D:5      | Reached XP level 6. HP: 36/36 MP: 7/13
  4152 | D:5      | Identified 2 scrolls of teleportation
  4153 | D:5      | Identified a scroll of enchant weapon
  4154 | D:5      | Identified a scroll of summoning
  4166 | D:5      | Reached skill level 5 in Spellcasting
  4314 | D:5      | Identified a scroll of vulnerability
  4315 | D:5      | Identified a scroll of poison
  4316 | D:5      | Identified a scroll of torment
  4317 | D:5      | Identified a scroll of amnesia
  4318 | D:5      | Identified a scroll of fear
  4322 | D:5      | Learned a level 2 spell: Blink
  4322 | D:5      | Identified a scroll of identify
  4322 | D:5      | Identified a potion of brilliance
  4323 | D:5      | Identified a scroll of enchant armour
  4324 | D:5      | Identified a scroll of fog
  4514 | D:5      | Found a glowing drain.
  4517 | Sewer    | Entered a sewer
  4629 | Sewer    | Reached skill level 6 in Spellcasting
  4629 | Sewer    | Reached XP level 7. HP: 34/41 MP: 12/16
  4697 | Sewer    | Noticed Pargi
  4836 | Sewer    | Learned a level 3 spell: Mephitic Cloud
  4849 | Sewer    | Killed Pargi
  4850 | Sewer    | Reached skill level 1 in Air Magic
  4850 | Sewer    | Reached skill level 1 in Alchemy
  5107 | D:5      | Reached skill level 2 in Air Magic
  5107 | D:5      | Reached skill level 2 in Alchemy
  5351 | D:4      | Found Catuts's Antique Armour Boutique.
  5361 | D:4      | Reached skill level 3 in Alchemy
  5395 | D:4      | Identified 3 potions of curing
  5479 | D:4      | Reached skill level 3 in Air Magic
  5539 | D:4      | Learned a level 2 spell: Ensorcelled Hibernation
  5540 | D:4      | Noticed Dega's ghost (amateur SpHu)
  5556 | D:4      | Found a transporter.
  5620 | D:4      | Found a transporter.
  5766 | D:4      | Reached skill level 1 in Hexes
  5766 | D:4      | Reached skill level 1 in Ice Magic
  5766 | D:4      | Reached XP level 8. HP: 46/46 MP: 13/17
  5867 | D:4      | Reached skill level 2 in Hexes
  5867 | D:4      | Reached skill level 2 in Ice Magic
  5876 | D:4      | Killed Dega's ghost
  6003 | Temple   | Entered the Ecumenical Temple
  6004 | Temple   | Upgraded the game from 0.32-a0-134-gc02fa2a to
                  | 0.32-a0-136-gc02482b
  6007 | Temple   | Learned a level 2 spell: Searing Ray
  6024 | Temple   | Became a worshipper of Sif Muna the Loreminder
  6085 | D:6      | Identified a potion of berserk rage
  6139 | D:6      | Reached skill level 3 in Hexes
  6145 | D:6      | Reached skill level 3 in Ice Magic
  6336 | D:6      | Identified a potion of degeneration
  6337 | D:6      | Identified 2 potions of invisibility
  6353 | D:6      | Found an ornate altar of the Wu Jian Council.
  6353 | D:6      | Found a stormy altar of Qazlal.
  6361 | D:6      | Found an ancient bone altar of Kikubaaqudgha.
  6363 | D:6      | Found a hide-covered altar of Uskayaw.
  6365 | D:6      | Found a shimmering altar of Xom.
  6494 | D:6      | Noticed Eustachio
  6501 | D:6      | Killed Eustachio
  6586 | D:6      | Reached skill level 4 in Hexes
  6586 | D:6      | Reached skill level 4 in Ice Magic
  6723 | D:6      | Reached skill level 3 in Stealth
  6728 | D:6      | Reached skill level 4 in Stealth
  6731 | D:6      | Identified 3 potions of mutation
  6731 | D:6      | Gained mutation: You occasionally lose the ability to read
                  | scrolls when taking damage. [potion of mutation]
  6731 | D:6      | Slain by an ice beast

Illustrated notes

Levels and vault maps discovered:
D:1:      saegor_arrival_miasma, layout_loops_cross
D:2:      layout_basic, minmay_worlds_worst_comb
D:3:      minmay_angry_zag, layout_basic, basic_ecumenical_altar,
          grunt_ministairs_4
D:4:      layout_basic, gammafunk_ghost_stat_death, serial_shops, shop
D:5:      layout_basic, temple_pool_b,
          mainiacjoe_sewer_entry_somewhere_in_here_1,
          nicolae_concentric_dashed_squares_mild, nicolae_specific_store
D:6:      layout_loops_ring, chequers_temple_overflow_minitemple, uniq_eustachio
Temple:   jpeg_temple_clearing

Skill      XL: |  1  2  3  4  5  6  7  8 |
---------------+-------------------------+-----
Conjurations   | 2 3 4 |  4.1
Spellcasting   | 4 6 |  6.0
Air Magic      | 3 |  3.0
Alchemy        | 3 |  3.3
Hexes          | 1 4 |  4.6
Ice Magic      | 1 4 |  4.0
Stealth        | 4 |  4.1
Dodging        | |  2.0
Summonings     | |  1.0
Translocations | |  1.0

Action                     |  1- 3 |  4- 6 |  7- 9 || total
---------------------------+-------+-------+-------++-------
  Melee: Dagger            |    19 |    46 |   112 ||   177
         Tentacles         |     7 |    13 |    25 ||    45
         Constrict         |     4 |    15 |    21 ||    40
         Punch             |     1 |     1 |    14 ||    16
   Cast: Magic Dart        |    84 |    97 |    82 ||   263
         Mephitic Cloud    |       |       |     1 ||     1
         Searing Ray       |       |       |     6 ||     6
    Use: Scroll            |       |    11 |     3 ||    14
         Potion            |       |       |     2 ||     2
   Stab: Sleeping          |     1 |     1 |     2 ||     4
 Armour: Skin              |     9 |    28 |   115 ||   152
  Dodge: Dodged            |    16 |    21 |    92 ||   129

Table legend: (Time is in decaauts)
 A = Elapsed time spent in this place.
 B = Non-inter-level travel time spent in this place.
 C = Inter-level travel time spent in this place.
 D = Time resting spent in this place.
 E = Time spent auto-exploring this place.
 F = Levels seen in this place.
 G = Mean time per level.
                   A        B        C        D        E       F      G
               +--------+--------+--------+--------+--------+-----+--------+
         Total |   6728 |   6348 |    380 |    757 |   4251 |   8 |  841.0 |
       Dungeon |   6267 |   5923 |    344 |    671 |   3980 |   6 | 1044.5 |
        Temple |     39 |      4 |     35 |      0 |      0 |   1 |   39.0 |
         Sewer |    420 |    420 |      0 |     86 |    271 |   1 |  420.0 |
               +--------+--------+--------+--------+--------+-----+--------+

Top non-repeatable levels by time:
     D:1: 1321 daAuts
     D:3: 1283 daAuts
     D:2: 1204 daAuts
     D:5: 912 daAuts
     D:4: 880 daAuts
     D:6: 665 daAuts
   Sewer: 420 daAuts
  Temple: 39 daAuts
